 Dungeon Crawl Stone Soup version 0.31-a0-875-g02e7d12df6 (webtiles) character file.

Game seed: 8284911655275747431

37 IdlyInterested the Twirler (level 3, 0/27 HPs)
             Began as a Demonspawn Gladiator on Oct 12, 2023.
             Slain by Sigmund
             ... wielding a +0 scythe
              (6 damage)
             ... on level 3 of the Dungeon.
             The game lasted 00:03:50 (1577 turns).

IdlyInterested the Twirler (Demonspawn Gladiator)   Turns: 1577, Time: 00:03:51

Health: 0/27       AC:  9    Str: 14    XL:     3   Next: 21%
Magic:  5/5        EV:  7    Int: 11    God:
Gold:   110        SH:  0    Dex: 14    Spells: 5/5 levels left

rFire   . . .        a - +0 quarterstaff
rCold   + . .        (shield currently unavailable)
rNeg    . . .        l - +0 chain mail
rPois   .            c - +0 helmet
rElec   .            (no cloak)
rCorr   .            (no gloves)
SInv    .            (no boots)
Will    .....        (no amulet) Stlth
                     (no ring)
HPRegen 1.04/turn    (no ring)
MPRegen 0.09/turn

%: no passive effects
@: confused, brilliant
A: demonic magic 1, cold resistance 1, regeneration 1
a: no special abilities


You were on level 3 of the Dungeon.
You visited 1 branch of the dungeon, and saw 3 of its levels.

You collected 110 gold pieces.

Inventory:

Hand Weapons
 a - a +0 quarterstaff (weapon)
 f - a +0 dagger
 r - a +0 trident
Missiles
 d - 2 throwing nets
 e - a javelin
 j - 15 stones (quivered)
Armour
 b - a +0 leather armour
 c - a +0 helmet (worn)
 h - a +0 ring mail
 l - a +0 chain mail (worn)
Scrolls
 i - a scroll of enchant armour {unknown}
 k - a scroll of identify {unknown}
 m - a scroll of blinking {unknown}
 o - a scroll of amnesia {unknown}
 p - 2 scrolls of teleportation {unknown}
 q - a scroll of fear {unknown}


   Skills:
 - Level 2.0 Fighting
 * Level 3.1 Staves
 - Level 1.7 Throwing
 - Level 1.0 Armour
 - Level 2.6 Dodging
 + Level 0.0 Stealth
 * Level 1.6 Spellcasting


You had 5 spell levels left.
You didn't know any spells.
Your spell library contained the following spells:

 Spells                   Type           Power      Damage    Failure   Level
 Poisonous Vapours        Pois/Air       2%         N/A       100%        2
 Mephitic Cloud           Conj/Pois/Air  1%         N/A       100%        3
 Freezing Cloud           Conj/Ice/Air   0%         6-21      100%        5


Dungeon Overview and Level Annotations

Branches:
Dungeon (3/15)

Altars:

Annotations:
D:3 Sigmund


Innate Abilities, Weirdness & Mutations

Spells you cast may paralyse adjacent enemies.
Your flesh is cold resistant. (rC+)
Your natural rate of healing is unusually fast.


Message History

Sigmund points at you and mumbles some strange words.
The puff of flame hits you!
* * * LOW HITPOINT WARNING * * *
Sigmund struggles against the net.
You hit Sigmund.
Sigmund is heavily wounded.
Sigmund struggles against the net.
You hit Sigmund.
Sigmund is heavily wounded.
Sigmund struggles against the net.
You sock Sigmund!
Sigmund is severely wounded.
Sigmund points at you and mumbles some strange words.
You are confused.
Sigmund struggles against the net.
The net rips apart, and Sigmund comes free!
Unknown command.
It was a potion of mutation.
You feel extremely strange.
You begin to heal more quickly.
You feel resistant to cold.
You completely miss Sigmund.
Sigmund is severely wounded.
Sigmund closely misses you.
It was a potion of brilliance.
You feel clever all of a sudden. Sigmund gestures at you while chanting.
The magic dart hits you but does no damage.
Sigmund hits you with a +0 scythe!
* * * LOW HITPOINT WARNING * * *
Sigmund gestures wildly while chanting.
Sigmund flickers and vanishes!
Deactivating autopickup; reactivate with Ctrl-A.
You bump into the rock wall.
You feel less confused.
You hear some strange, mumbled words.
You are confused.
You hear some strange, mumbled words.
A puff of flame appears from out of thin air!
The puff of flame misses you. Something hits you.
You die...

# #.# .# ..
##.# ..
###... #.
#...
##.###.###
#...<....#
#........#
#...@....#
............#
...##..$.?..#
.. #.......#
. .........#
.######..##
##.. #..


There were no monsters in sight!

Vanquished Creatures
  A dart slug (D:1)
  3 ball pythons
  4 bats
  2 endoplasms (D:2)
  3 giant cockroaches
  7 goblins
  4 hobgoblins
  2 frilled lizards (D:2)
  A kobold (D:2)
  4 rats
31 creatures vanquished.

Notes
Turn   | Place    | Note
-------+----------+-------------------------------------------
     0 | D:1      | IdlyInterested the Demonspawn Gladiator began the quest for
                  | the Orb.
     0 | D:1      | Reached XP level 1. HP: 16/16 MP: 1/1
   332 | D:1      | Reached skill level 1 in Spellcasting
   332 | D:1      | Gained mutation: Spells you cast may paralyse adjacent
                  | enemies. [demonic ancestry]
   332 | D:1      | Reached XP level 2. HP: 19/22 MP: 3/3
  1162 | D:2      | Reached skill level 3 in Staves
  1221 | D:2      | Reached skill level 1 in Armour
  1221 | D:2      | Reached XP level 3. HP: 27/27 MP: 3/5
  1547 | D:3      | Noticed Sigmund
  1569 | D:3      | Gained mutation: Your natural rate of healing is unusually
                  | fast. [potion of mutation]
  1569 | D:3      | Gained mutation: Your flesh is cold resistant. (rC+)
                  | [potion of mutation]
  1577 | D:3      | Slain by Sigmund

Illustrated notes

Levels and vault maps discovered:
D:1:      ncdulo_smallfort, layout_basic, serial_glass, glass_columns_a,
          glass_columns_b, minmay_strange_pillars, minmay_strange_pillars,
          item_on_display_a, amethyst_killhole
D:2:      layout_loops_ring, nicolae_concentric_dashed_squares_wild,
          minmay_misc_feat_diagonals, minmay_goblin_outpost
D:3:      layout_rooms, kennysheep_generic_room_4, uniq_grinder, uniq_ijyb,
          uniq_sigmund

Skill      XL: |  1  2 |
---------------+-------+-----
Spellcasting   | 1 |  1.6
Staves         | 3 |  3.1
Armour         | 1 |  1.0
Fighting       | |  2.0
Throwing       | |  1.7
Dodging        | |  2.6

Action                     || total
---------------------------++-------
  Melee: Quarterstaff      ||    82
  Throw: Throwing net      ||     1
    Use: Potion            ||     2
 Armour: Leather armour    ||    17
         Ring mail         ||     3
         Chain mail        ||    43
  Dodge: Dodged            ||    44

Table legend: (Time is in decaauts)
 A = Elapsed time spent in this place.
 B = Non-inter-level travel time spent in this place.
 C = Inter-level travel time spent in this place.
 D = Time resting spent in this place.
 E = Time spent auto-exploring this place.
 F = Levels seen in this place.
 G = Mean time per level.
                   A        B        C        D        E       F      G
               +--------+--------+--------+--------+--------+-----+--------+
         Total |   1590 |   1439 |    151 |     26 |   1063 |   3 |  530.0 |
       Dungeon |   1590 |   1439 |    151 |     26 |   1063 |   3 |  530.0 |
               +--------+--------+--------+--------+--------+-----+--------+

Top non-repeatable levels by time:
     D:1: 938 daAuts
     D:2: 618 daAuts
     D:3: 33 daAuts
